 Dungeon Crawl Stone Soup version 0.25.1-2-g60ff931df9 (webtiles) character file.

Game seed: 11130137586103812856

40950 Peloso the Carver (level 13, -6/107 HPs)
             Began as a Minotaur Fighter on Aug 14, 2020.
             Was a High Priest of Okawaru.
             Mangled by a spatial maelstrom (11 damage)
             ... on level 1 of the Abyss.
             The game lasted 00:37:49 (17114 turns).

Peloso the Carver (Minotaur Fighter)               Turns: 17114, Time: 00:37:50

Health: -6/107     AC: 22    Str: 30    XL:     13   Next: 77%
Magic:  15/15      EV: 12    Int:  2    God:    Okawaru [*****.]
Gold:   863        SH:  7    Dex: 12    Spells: 12/12 levels left

rFire    + + +     SeeInvis .   a - +4 falchion (vorpal)
rCold    . . .     Gourm    .   c - +0 buckler "Emnuh" {rF++}
rNeg     . . .     Faith    .   j - +1 chain mail {rF+}
rPois    .         Spirit   .   Y - +2 hat of Kicwof {rElec MR+++ Int-3}
rElec    +         Reflect  .   K - +0 cloak
rCorr    .         Harm     .   S - +2 pair of gloves {archery}
MR       +++..                  t - +0 pair of boots
Stlth    ..........             z - amulet of regeneration
HPRegen  0.67/turn              W - +6 ring of strength
MPRegen  0.14/turn              m - +4 ring of slaying

@: about to teleport
A: retaliatory headbutt, horns 2, [frail 1]
a: Heroism, Finesse, Renounce Religion


You were on level 1 of the Abyss.
You worshipped Okawaru.
Okawaru was extremely pleased with you.
You were not hungry.

You visited 3 branches of the dungeon, and saw 15 of its levels.
You visited the Abyss 2 times.
You also visited: Gauntlet.

You collected 863 gold pieces.

Inventory:

Hand Weapons
 a - a +4 vorpal falchion (weapon)
 b - a +1 war axe of flaming
Armour
 c - the +0 buckler "Emnuh" (worn) {rF++}
   (You found it in a Gauntlet)

   It greatly protects you from fire.
 h - the +10 tower shield of Ignorance {rN+ Int-4}
   (Okawaru gifted it to you on level 2 of the Abyss)

   It affects your intelligence (-4).
   It protects you from negative energy.
 j - a +1 chain mail of fire resistance (worn)
 t - a +0 pair of boots (worn)
 H - a +2 hat of see invisible
 K - a +0 cloak (worn)
 S - a +2 pair of gloves of archery (worn)
 Y - the +2 hat of Kicwof (worn) {rElec MR+++ Int-3}
   (You found it in a Gauntlet)

   It affects your intelligence (-3).
   It insulates you from electricity.
   It affects your resistance to hostile enchantments.
Jewellery
 m - a +4 ring of slaying (right hand)
 q - an uncursed amulet of magic regeneration
 z - an amulet of regeneration (around neck)
 L - a +4 ring of protection
 M - an uncursed ring of protection from fire
 W - a +6 ring of strength (left hand)
Scrolls
 e - 9 scrolls of remove curse
 g - a scroll of teleportation
 i - a scroll of blinking {unknown}
 l - 5 scrolls of identify
 o - 2 scrolls of amnesia {unknown}
 s - 2 scrolls of random uselessness {unknown}
 u - a scroll of immolation {unknown}
 w - a scroll of vulnerability {unknown}
 x - 3 scrolls of noise {unknown}
 B - 2 scrolls of enchant weapon {unknown}
 D - 4 scrolls of fear {unknown}
 E - 3 scrolls of enchant armour {unknown}
 F - 2 scrolls of silence {unknown}
 I - a scroll of holy word {unknown}
 N - a scroll of acquirement {unknown}
 P - a scroll of fog {unknown}
Potions
 d - a potion of might
 k - 7 potions of curing
 n - 2 potions of haste
 p - a potion of ambrosia {unknown}
 r - 5 potions of brilliance
 v - 3 potions of mutation
 A - 3 potions of heal wounds
 O - 2 potions of cancellation
Miscellaneous
 Z - a tin of tremorstones (3/3)
Comestibles
 f - 18 rations


   Skills:
 + Level 12.6 Fighting
 + Level 14.7 Long Blades
 + Level 4.9 Axes
 + Level 12.8 Armour
 + Level 6.5 Dodging
 + Level 2.5 Stealth
 + Level 13.2 Shields
 + Level 4.5 Invocations
 + Level 0.7 Evocations


You had 12 spell levels left.
You didn't know any spells.
Your spell library contained the following spells:

 Spells                   Type           Power        Failure   Level  Hunger
 Animate Skeleton         Necr           N/A          93%         1    ##.....
 Apportation              Tloc           #.....       93%         1    ##.....
 Corona                   Hex            #......      93%         1    ##.....
 Foxfire                  Conj/Fire      #...         93%         1    ##.....
 Sandblast                Erth           #.....       93%         1    ##.....
 Summon Small Mammal      Summ           #...         93%         1    ##.....
 Ensorcelled Hibernation  Hex/Ice        #.....       98%         2    ###....
 Passwall                 Tmut/Erth      #.......     98%         2    ###....
 Confusing Touch          Hex            #.......     100%        3    ####...
 Conjure Flame            Conj/Fire      #.......     100%        3    ####...
 Dazzling Flash           Conj/Hex       #.....       100%        3    ####...
 Inner Flame              Hex/Fire       #.......     100%        3    ####...
 Stone Arrow              Conj/Erth      #.....       100%        3    ####...
 Tukima's Dance           Hex            #.......     100%        3    ####...
 Petrify                  Tmut/Erth      #.......     100%        4    #####..
 Sticky Flame             Conj/Fire      #.......     100%        4    #####..
 Fireball                 Conj/Fire      #.........   100%        5    ######.
 Lee's Rapid Deconstruct  Erth           #.........   100%        5    ######.


Dungeon Overview and Level Annotations

Branches:
Dungeon (11/15)            Temple (1/1) D:7            Lair (3/6) D:8
    Orc (0/2) D:9         Gauntlet (visited)
  Swamp: Lair:2-4    Shoals: Lair:2-4     Snake: Lair:2-4    Spider: Lair:2-4

Altars:
Ashenzari
Cheibriados
Dithmenos
Elyvilon
Fedhas
Gozag
Hepliaklqana
Kikubaaqudgha
Makhleb
Nemelex Xobeh
Okawaru
Qazlal
Ru
Sif Muna
Trog
Vehumet
Xom
Yredelemnul
Zin

Shops:
D:7 %

Portals:
Trove: D:10 (give +7 demon trident)

Annotations:
Lair:3 Sonja


Innate Abilities, Weirdness & Mutations

You reflexively headbutt those who attack you in melee.
You have a pair of horns on your head.
[You are frail. (-10% HP)]


Message History

The spatial maelstrom closely misses you.
The spatial maelstrom hits you. Space warps horribly around you!!
* * * LOW HITPOINT WARNING * * *
The spatial maelstrom hits you but does no damage.
A spatial vortex comes into view.
A starcursed mass splits.
As you read the scroll of teleportation, it crumbles to dust.
You feel strangely unstable.
You feel the power of the Abyss delaying your translocation!
The spatial maelstrom closely misses you.
You furiously retaliate!
You headbutt the spatial maelstrom!
The spatial maelstrom barely misses you.
The lich gestures wildly while chanting.
The lich seems to speed up.
A chorus of shrieks assaults your mind.
* * * LOW HITPOINT WARNING * * *
A chorus of shrieks assaults your mind.
* * * LOW HITPOINT WARNING * * *
The spatial maelstrom hits you!
You die...

.. #### # ..8 ###..
.## #..#...# ..##
#X...@##....#..
#....#..v#........
##...##....)...#....
.#. #...X##........
....
#....X#....#........
.#..##.#v.##........
.....#XL.... ..... .
#.... ....###.L .#..
#...#..##..## ...
...#.


You could see 4 starcursed masses, a lich (fast) and a spatial maelstrom.

Vanquished Creatures
  2 bone dragons (Abyss:2)
  Gastronok (D:8)
  A tentacled starspawn (Abyss:2)
  A minotaur (Gauntlet)
  A green death (Gauntlet)
  Erolcha (D:9)
  5 hydras
  3 two-headed ogres
  5 death yaks (Lair:2)
  3 thrashing horrors (Abyss:2)
  2 wretched stars (Abyss:2)
  A sixfirhy (Gauntlet)
  A fire crab (Gauntlet)
  An ugly thing (D:11)
  A worldbinder (Abyss:2)
  2 cyclopes (D:11)
  A black mamba (Lair:3)
  An elephant (Lair:2)
  Maurice (D:9)
  A torpor snail (Lair:2)
  A spiny frog (Lair:2)
  2 smoke demons (Abyss:2)
  Maggie (D:8)
  2 komodo dragons (Lair:2)
  An ancient zyme (Abyss:2)
  A troll (D:9)
  A blink frog (Lair:2)
  5 hippogriffs
  5 raiju (Abyss:2)
  2 large abominations (Abyss:2)
  A shadow (Abyss:2)
  20 yaks
  2 fire bats (Gauntlet)
  A basilisk (Lair:1)
  A chaos spawn (Abyss:2)
  A wyvern (D:8)
  A soldier ant (D:11)
  5 water moccasins
  2 porcupines
  2 sky beasts
  6 orc warriors
  A black bear (Lair:1)
  3 phantoms
  3 ice beasts
  8 ogres
  An eye of draining (D:9)
  5 centaurs
  5 wolves (Lair:2)
  2 small abominations (Abyss:2)
  6 crocodiles
  2 big kobolds (D:11)
  7 bullfrogs
  A gnoll sergeant (D:9)
  6 scorpions
  5 killer bees (D:7)
  4 howler monkeys
  3 crimson imps
  2 quasits
  3 hounds
  2 orc priests
  2 jellies
  2 centaur skeletons
  13 orc wizards
  Natasha (thrice) (D:3)
  An iguana (D:7)
  10 worker ants
  A hound skeleton (D:5)
  4 worker ant zombies
  2 howler monkey skeletons
  A howler monkey zombie (D:6)
  10 adders
  8 gnolls
  A white imp (Abyss:2)
  4 ufetubi (Gauntlet)
  3 oozes
  4 adder skeletons
  2 worms
  3 dart slugs
  4 leopard geckos
  29 orcs
  2 bats
  7 giant cockroaches
  6 goblins
  5 hobgoblins
  8 jackals
  16 kobolds
  7 quokkas
  5 frilled lizards
  A jackal skeleton (D:4)
  2 leopard gecko skeletons
  A quokka zombie (D:5)
  6 rats
  A plant (Lair:1)
341 creatures vanquished.

Vanquished Creatures (others)
  A demonic plant (Gauntlet)
  2 fungi (Lair:2)
  3 plants
  2 starspawn tentacles (Abyss:2)
8 creatures vanquished.

Grand Total: 349 creatures vanquished

Notes
Turn   | Place    | Note
-------+----------+-------------------------------------------
     0 | D:1      | Peloso the Minotaur Fighter began the quest for the Orb.
     0 | D:1      | Reached XP level 1. HP: 19/19 MP: 0/0
   216 | D:1      | Reached XP level 2. HP: 26/27 MP: 1/1
  1032 | D:2      | Reached XP level 3. HP: 30/33 MP: 2/2
  1205 | D:2      | Reached skill level 3 in Long Blades
  1214 | D:2      | You fall into a shaft and drop 1 floor!
  1325 | D:3      | Noticed Natasha
  1337 | D:3      | Killed Natasha
  1337 | D:3      | Reached XP level 4. HP: 41/41 MP: 3/3
  1465 | D:3      | Noticed Natasha
  1472 | D:3      | Killed Natasha
  1541 | D:3      | Noticed Natasha
  1546 | D:3      | Killed Natasha
  1546 | D:3      | Reached skill level 5 in Shields
  1546 | D:3      | Reached XP level 5. HP: 47/47 MP: 4/4
  2035 | D:2      | Reached skill level 4 in Long Blades
  2570 | D:4      | Reached skill level 1 in Dodging
  2970 | D:4      | Reached XP level 6. HP: 53/53 MP: 5/5
  3267 | D:5      | Entered Level 5 of the Dungeon
  3283 | D:5      | Found a sparkling altar of Nemelex Xobeh.
  3306 | D:5      | Reached skill level 1 in Stealth
  3308 | D:5      | Reached skill level 5 in Long Blades
  3751 | D:5      | Identified the +0 leather armour of the Realm of Zot
                  | {Dex+9}
  3826 | D:5      | Reached skill level 5 in Armour
  3851 | D:5      | Reached XP level 7. HP: 56/60 MP: 6/6
  3915 | D:5      | Reached skill level 6 in Long Blades
  3931 | D:5      | Reached skill level 5 in Fighting
  4380 | D:5      | Reached skill level 7 in Long Blades
  4864 | D:6      | Reached XP level 8. HP: 69/69 MP: 7/7
  5541 | D:7      | Found Jycvobitig's Food Shoppe.
  5604 | D:7      | Noticed a hippogriff
  5617 | D:7      | Killed a hippogriff
  5699 | D:7      | Reached skill level 8 in Long Blades
  6349 | D:7      | Reached XP level 9. HP: 15/78 MP: 8/8
  6743 | D:7      | Found a stormy altar of Qazlal.
  6802 | D:7      | Found a staircase to the Ecumenical Temple.
  6816 | Temple   | Entered the Ecumenical Temple
  6828 | Temple   | Became a worshipper of Warmaster Okawaru
  7191 | D:8      | Noticed Maggie
  7201 | D:8      | Killed Maggie
  7201 | D:8      | Reached * piety under Okawaru
  7201 | D:8      | Reached skill level 9 in Long Blades
  7512 | D:8      | Found a snail-covered altar of Cheibriados.
  7515 | D:8      | Found a shimmering altar of Xom.
  7522 | D:8      | Found an opulent altar of Gozag.
  7551 | D:8      | Noticed Gastronok
  7704 | D:9      | Noticed a two-headed ogre
  7713 | D:9      | Killed a two-headed ogre
  7713 | D:9      | Reached ** piety under Okawaru
  7713 | D:9      | Reached skill level 10 in Long Blades
  8009 | D:9      | Reached XP level 10. HP: 21/86 MP: 9/9
  8308 | D:9      | Reached *** piety under Okawaru
  8346 | D:9      | Noticed Maurice
  8354 | D:9      | Killed Maurice
  8757 | D:9      | Found a staircase to the Orcish Mines.
  9251 | D:9      | Noticed Erolcha
  9266 | D:9      | Killed Erolcha
  9266 | D:9      | Reached skill level 11 in Long Blades
  9266 | D:9      | Reached skill level 10 in Shields
  9415 | D:8      | Reached **** piety under Okawaru
  9535 | D:8      | Found a staircase to the Lair.
  9782 | D:8      | Killed Gastronok
  9782 | D:8      | Reached ***** piety under Okawaru
  9782 | D:8      | Reached XP level 11. HP: 80/95 MP: 10/10
  9932 | D:8      | Found a hazy altar of Hepliaklqana.
  9938 | D:8      | Reached skill level 5 in Dodging
 10518 | D:10     | Entered Level 10 of the Dungeon
 10524 | D:10     | Found a portal to a secret trove of treasure.
 10981 | D:10     | Noticed a two-headed ogre
 10987 | D:10     | Killed a two-headed ogre
 10987 | D:10     | Reached skill level 12 in Long Blades
 11661 | D:11     | Noticed a seven-headed hydra
 11663 | D:11     | Noticed a green ugly thing
 11671 | D:11     | Killed a two-headed hydra
 11671 | D:11     | Received a gift from Okawaru
 11679 | D:11     | Killed a green ugly thing
 11679 | D:11     | Reached skill level 1 in Axes
 12152 | D:11     | Noticed a two-headed ogre
 12160 | D:11     | Killed a two-headed ogre
 12160 | D:11     | Reached skill level 10 in Armour
 13033 | Lair:1   | Entered Level 1 of the Lair of Beasts
 13084 | Lair:1   | Found a gate leading to a gauntlet.
 13090 | Gauntlet | Entered a Gauntlet
 13090 | Gauntlet | Found a transporter.
 13090 | Gauntlet | Found a transporter.
 13090 | Gauntlet | Noticed a sixfirhy
 13098 | Gauntlet | Found a transporter.
 13102 | Gauntlet | Found a transporter.
 13115 | Gauntlet | Found a transporter.
 13119 | Gauntlet | Found a transporter.
 13131 | Gauntlet | Found a transporter.
 13140 | Gauntlet | Noticed a green death
 13144 | Gauntlet | Noticed a balrug
 13147 | Gauntlet | Found a transporter.
 13152 | Gauntlet | Found a transporter.
 13172 | Gauntlet | Found a transporter.
 13175 | Gauntlet | Noticed a fire crab
 13184 | Gauntlet | Found a transporter.
 13188 | Gauntlet | Found a transporter.
 13190 | Gauntlet | Noticed a soul eater
 13249 | Gauntlet | Killed a sixfirhy
 13249 | Gauntlet | Reached skill level 13 in Long Blades
 13249 | Gauntlet | Reached skill level 1 in Invocations
 13423 | Gauntlet | Killed a fire crab
 13492 | Gauntlet | Killed a green death
 13492 | Gauntlet | Reached XP level 12. HP: 106/106 MP: 5/12
 13502 | Gauntlet | Got a scintillating garnet amulet
 13515 | Gauntlet | Identified the amulet of Feysul {Inacc rPois rF+} (You
                  | found it in a Gauntlet)
 13570 | Gauntlet | Noticed a minotaur
 13599 | Gauntlet | Killed a minotaur
 13599 | Gauntlet | Received a gift from Okawaru
 13631 | Gauntlet | Got a scintillating tin ring
 13634 | Gauntlet | Got a faintly humming hat
 13647 | Gauntlet | Identified the +2 hat of Kicwof {rElec MR+++ Int-3} (You
                  | found it in a Gauntlet)
 13666 | Gauntlet | Got a jewelled buckler
 13672 | Gauntlet | Identified the +0 buckler "Emnuh" {rF++} (You found it in a
                  | Gauntlet)
 13677 | Gauntlet | Identified the ring of Muonab {Fire MR- Str+7 Int+4 Dex+2}
                  | (You found it in a Gauntlet)
 13880 | Lair:1   | Found a stormy altar of Qazlal.
 14051 | Lair:1   | Reached skill level 10 in Fighting
 14552 | Lair:2   | Noticed a four-headed hydra
 14559 | Lair:2   | Killed a three-headed hydra
 14752 | Lair:2   | Found a shadowy altar of Dithmenos.
 14840 | Lair:2   | Noticed a six-headed hydra
 14844 | Lair:2   | Reached skill level 14 in Long Blades
 14857 | Lair:2   | Killed a one-headed hydra
 15363 | Lair:2   | Noticed a death yak
 15390 | Lair:2   | Killed a death yak
 15395 | Lair:2   | Noticed a death yak
 15454 | Lair:2   | Noticed a death yak
 15454 | Lair:2   | Noticed a death yak
 15455 | Lair:2   | Noticed a death yak
 15472 | Lair:2   | Killed a death yak
 15478 | Lair:2   | Killed a death yak
 15478 | Lair:2   | Received a gift from Okawaru
 15490 | Lair:2   | Killed a death yak
 15498 | Lair:2   | Killed a death yak
 15619 | Lair:2   | Noticed a four-headed hydra
 15621 | Lair:2   | Noticed an eight-headed hydra
 15646 | Lair:2   | Killed a five-headed hydra
 15654 | Lair:2   | Reached XP level 13. HP: 68/116 MP: 14/14
 15927 | Lair:3   | Noticed Sonja
 15937 | Lair:3   | Cast into level 2 of the Abyss (Sonja)
 16285 | Abyss:2  | Noticed a tentacled starspawn
 16292 | Abyss:2  | Killed a tentacled starspawn
 16292 | Abyss:2  | Received a gift from Okawaru
 16382 | Abyss:2  | Noticed a lich
 16452 | Abyss:2  | Noticed a bone dragon
 16463 | Abyss:2  | Killed a bone dragon
 16605 | Abyss:2  | Noticed a starcursed mass
 17032 | Abyss:2  | Noticed a bone dragon
 17057 | Abyss:2  | Killed a bone dragon
 17057 | Abyss:2  | Received a gift from Okawaru
 17058 | Abyss:2  | Found the +10 tower shield of Ignorance {rN+ Int-4}
 17067 | Lair:3   | Escaped the Abyss
 17091 | Lair:3   | Cast into level 1 of the Abyss (Sonja)
 17094 | Abyss:1  | Noticed a lich
 17105 | Abyss:1  | Noticed a starcursed mass
 17113 | Abyss:1  | HP: 5/107 [starcursed mass/accursed screaming (6)]
 17114 | Abyss:1  | Mangled by a spatial maelstrom

Illustrated notes

Levels and vault maps discovered:
D:1:      co_arrival_square_in_a_square_in_a_square, layout_basic
D:2:      layout_loops_ring, first_ration
D:3:      layout_basic, uniq_natasha
D:4:      layout_basic
D:5:      layout_basic, basic_altar
D:6:      layout_loops_ring
D:7:      layout_loops_ring, marbit_many_paths, temple_green, serial_shops,
          nicolae_shop_temple_entry_statues_fountains
D:8:      layout_layer_cave, nicolae_overflow_crystal_walls,
          grunt_gozag_statues, nicolae_overflow_hidden_temple, uniq_maggie,
          uniq_gastronok
D:9:      layout_basic, orc_0_dummy, uniq_maurice, uniq_erolcha
D:10:     layout_loops_ring, enter_trove_0
D:11:     layout_irregular_city
Temple:   nicolae_temple_x_marks_the_god
Lair:1:   layout_misc_corridors, basic_altar, gauntlet_entry_generic,
          columned_hall_lemuel, grunt_megastairs_5
Lair:2:   layout_misc_corridors, basic_altar, nzn_random_ring
Lair:3:   layout_regular_city, skrybe_swamp_entry_bodies,
          nicolae_spider_entry_orb_guardian, beast_lair_carwin_6, uniq_sonja
Abyss:1:  base:
D:15

Skill      XL: |  1  2  3  4  5  6  7  8  9 10 11 12 13 |
---------------+----------------------------------------+-----
Fighting       | 4 5 6 7 8 9 11 12 | 12.6
Armour         | 4 5 6 8 9 10 11 12 | 12.8
Shields        | 4 5 6 7 9 10 11 12 13 | 13.2
Long Blades    | 3 4 5 7 8 10 11 13 14 | 14.7
Dodging        | 1 2 3 4 5 6 |  6.5
Stealth        | 1 2 |  2.5
Axes           | 2 3 4 |  4.9
Invocations    | 1 3 4 |  4.5
Evocations     | |  0.7

Action                   |  1- 3 |  4- 6 |  7- 9 | 10-12 | 13-15 || total
-------------------------+-------+-------+-------+-------+-------++-------
Melee: Long sword        |    91 |   119 |   372 |   371 |       ||   953
       Headbutt          |    13 |    25 |    68 |   193 |    46 ||   345
       War axe           |       |       |       |    27 |     4 ||    31
       Falchion          |       |       |       |   178 |   122 ||   300
Invok: Heroism           |       |       |     2 |     8 |    11 ||    21
       Finesse           |       |       |       |     3 |     2 ||     5
Evoke: Wand              |       |       |       |     3 |       ||     3
       Tin of tremorston |       |       |       |       |     1 ||     1
  Use: Potion            |     2 |       |     3 |     2 |     2 ||     9
       Scroll            |       |     2 |     3 |     6 |     6 ||    17
 Stab: Sleeping          |       |     1 |       |       |       ||     1
       Distracted        |       |       |       |       |     1 ||     1
  Eat: Chunk             |     1 |     8 |    14 |    19 |     1 ||    43
       Ration            |       |       |       |     2 |     1 ||     3
Armor: Scale mail        |    37 |    36 |     5 |       |       ||    78
       Chain mail        |       |       |   171 |   231 |    96 ||   498
Dodge: Dodged            |    29 |    45 |   112 |   207 |    82 ||   475
Block: Kite shield       |    51 |    69 |   224 |   235 |       ||   579
       Buckler           |       |       |       |    52 |    63 ||   115
       Rpst.: Long sword |     8 |    14 |    24 |    30 |       ||    76
       Falchion          |       |       |       |    24 |    17 ||    41
